| TOP OF THE 1ST |
|
Salt Lake Bees batting - Pitching for Nashville Sounds : RHP Chad Pfeiffer
|
|
Pitching: RHP Chad Pfeiffer
|
|
|
Batting: LHB Rusty Ney
|
0-0: Ball 1-0: DOUBLE (Line Drive, 9LM, EV 111.2 MPH)
|
|
Batting: LHB Micah Miller
|
0-0: Called Strike 0-1: Called Strike 0-2: Ground out 6-3 (Groundball, 6, EV 80.6 MPH) Rusty Ney to third
|
|
Batting: SHB Mario Padron
|
0-0: Ball 1-0: SINGLE (Line Drive, 4D, EV 103.1 MPH) Rusty Ney scores
|
|
Batting: LHB Jack Bell
|
0-0: Foul Ball, location: 2F 0-1: Ball 1-1: Fly out, F7 (Flyball, 7, EV 91.9 MPH)
|
|
Batting: RHB Justin Lauderdale
|
0-0: Called Strike 0-1: Ground out U3 (Groundball, 34S, EV 67.5 MPH)
|
| Top of the 1st over - 1 run, 2 hits, 0 errors, 1 left on base; Salt Lake 1 - Nashville 0 |
| BOTTOM OF THE 1ST |
|
Nashville Sounds batting - Pitching for Salt Lake Bees : RHP Robbie Delgado
|
|
Pitching: RHP Robbie Delgado
|
|
|
Batting: SHB Brace Harper
|
0-0: Bunted foul 0-1: Ball 1-1: Ball 2-1: Called Strike 2-2: SINGLE (Groundball, 4MD, EV 111.9 MPH)
|
|
Batting: RHB Robby Godwin
|
0-0: Ball 1-0: SINGLE (Groundball, 6MD, EV 95.6 MPH) Brace Harper to second
|
|
Batting: RHB Jeff Garofalo
|
0-0: Ball 1-0: Ball 2-0: Swinging Strike 2-1: Ball 3-1: Base on Balls Brace Harper to third Robby Godwin to second
|
|
Batting: RHB Dusty Thompson
|
0-0: Fly out, F9 (Flyball, 9LM, EV 96.2 MPH) Runner from 3rd tags up, OUT at HOME! 9-2 Robby Godwin to third Jeff Garofalo to second
|
|
Batting: RHB Chris Stillions
|
0-0: Called Strike 0-1: Ball 1-1: Ball Wild Pitch! Robby Godwin scores Jeff Garofalo to third 2-1: SINGLE (Groundball, 6MD, EV 100.6 MPH) Jeff Garofalo scores
|
|
Batting: RHB Antonio Gomez
|
0-0: Called Strike 0-1: Ball 1-1: Foul Ball, location: 2F 1-2: Fly out, F9 (Flyball, 9, EV 90.6 MPH)
|
| Bottom of the 1st over - 2 runs, 3 hits, 0 errors, 1 left on base; Salt Lake 1 - Nashville 2 |
| TOP OF THE 2ND |
|
Salt Lake Bees batting - Pitching for Nashville Sounds : RHP Chad Pfeiffer
|
|
Batting: RHB Jose Pineda
|
0-0: Ball 1-0: Ball 2-0: Foul Ball, location: 2F 2-1: Ball 3-1: Base on Balls
|
|
Batting: RHB Oren Jones
|
0-0: Ball 1-0: Ball Jose Pineda steals 2nd base (no throw) 2-0: Ball 3-0: Called Strike 3-1: Ground out 6-3 (Groundball, 6M, EV 83.1 MPH) Jose Pineda to third
|
|
Batting: LHB Edgar van der Meeren
|
0-0: Ball 1-0: Ball 2-0: Ball 3-0: Called Strike 3-1: Foul Ball, location: 2F 3-2: Foul Ball, location: 2F 3-2: Fly out, F9 (Flyball, 89S, EV 90.6 MPH)
|
|
Batting: RHB Reginald McDougall
|
0-0: Called Strike 0-1: Ball Wild Pitch! Jose Pineda scores 1-1: Ball 2-1: Ground out 5-3 (Groundball, 5, EV 90.0 MPH)
|
| Top of the 2nd over - 1 run, 0 hits, 0 errors, 0 left on base; Salt Lake 2 - Nashville 2 |
| BOTTOM OF THE 2ND |
|
Nashville Sounds batting - Pitching for Salt Lake Bees : RHP Robbie Delgado
|
|
Batting: RHB Josh Sinden
|
0-0: Ground out 6-3 (Groundball, 6, EV 105.0 MPH)
|
|
Batting: RHB Ben Zeiler
|
0-0: Called Strike 0-1: Ground out 6-3 (Groundball, 6, EV 104.4 MPH)
|
|
Batting: RHB Jonathan Lugo
|
0-0: Called Strike 0-1: Called Strike 0-2: Ball 1-2: Ball 2-2: Foul Ball, location: 2F 2-2: Strikes out swinging
|
| Bottom of the 2nd over - 0 runs, 0 hits, 0 errors, 0 left on base; Salt Lake 2 - Nashville 2 |
| TOP OF THE 3RD |
|
Salt Lake Bees batting - Pitching for Nashville Sounds : RHP Chad Pfeiffer
|
|
Batting: LHB Rusty Ney
|
0-0: Called Strike 0-1: SINGLE (Line Drive, 3D, EV 95.6 MPH)
|
|
Batting: LHB Micah Miller
|
0-0: Called Strike 0-1: Ball 1-1: Ball 2-1: Grounds into double play, 4-6-3 (Groundball, 4, EV 102.5 MPH)
|
|
Batting: SHB Mario Padron
|
0-0: Ball 1-0: Called Strike 1-1: Fly out, F9 (Flyball, 9, EV 89.4 MPH)
|
| Top of the 3rd over - 0 runs, 1 hit, 0 errors, 0 left on base; Salt Lake 2 - Nashville 2 |
| BOTTOM OF THE 3RD |
|
Nashville Sounds batting - Pitching for Salt Lake Bees : RHP Robbie Delgado
|
|
Batting: SHB Brace Harper
|
0-0: Called Strike 0-1: Ball 1-1: Ball 2-1: Bunted foul 2-2: Ball 3-2: Base on Balls
|
|
Batting: RHB Robby Godwin
|
0-0: Called Strike 0-1: Foul Ball, location: 2F 0-2: Ball 1-2: Fly out, F8 (Line Drive, 89M, EV 102.5 MPH)
|
|
Batting: RHB Jeff Garofalo
|
0-0: Ball 1-0: Ball 2-0: Fly out, F8 (Flyball, 8LM, EV 85.6 MPH)
|
|
Batting: RHB Dusty Thompson
|
0-0: Called Strike Brace Harper is caught stealing 2nd base 2-4
|
| Bottom of the 3rd over - 0 runs, 0 hits, 0 errors, 0 left on base; Salt Lake 2 - Nashville 2 |
| TOP OF THE 4TH |
|
Salt Lake Bees batting - Pitching for Nashville Sounds : RHP Chad Pfeiffer
|
|
Batting: LHB Jack Bell
|
0-0: Ball 1-0: Ball 2-0: Ball 3-0: Base on Balls
|
|
Batting: RHB Justin Lauderdale
|
0-0: Ball 1-0: Called Strike 1-1: Ball 2-1: Ball Jack Bell is caught stealing 2nd base 2-4 3-1: SINGLE (Groundball, 34D, EV 98.1 MPH)
|
|
Batting: RHB Jose Pineda
|
0-0: Ball 1-0: Called Strike 1-1: Ball 2-1: Swinging Strike 2-2: Ball 3-2: Strikes out looking Justin Lauderdale is caught stealing 2nd base 2-4 Batter strikes out.
|
| Top of the 4th over - 0 runs, 1 hit, 0 errors, 0 left on base; Salt Lake 2 - Nashville 2 |
| BOTTOM OF THE 4TH |
|
Nashville Sounds batting - Pitching for Salt Lake Bees : RHP Robbie Delgado
|
|
Batting: RHB Dusty Thompson
|
0-0: Fly out, F7 (Line Drive, 7S, EV 91.2 MPH)
|
|
Batting: RHB Chris Stillions
|
0-0: Ground out 6-3 (Groundball, 6, EV 86.9 MPH)
|
|
Batting: RHB Antonio Gomez
|
0-0: Called Strike 0-1: Ball 1-1: Swinging Strike 1-2: Foul Ball, location: 2F 1-2: Ball 2-2: Ground out 3-1 (Groundball, 34, EV 88.8 MPH)
|
| Bottom of the 4th over - 0 runs, 0 hits, 0 errors, 0 left on base; Salt Lake 2 - Nashville 2 |
| TOP OF THE 5TH |
|
Salt Lake Bees batting - Pitching for Nashville Sounds : RHP Chad Pfeiffer
|
|
Batting: RHB Oren Jones
|
0-0: Ball 1-0: Ball 2-0: Called Strike 2-1: Ground out U3 (Groundball, 34, EV 97.5 MPH)
|
|
Batting: LHB Edgar van der Meeren
|
0-0: Foul Ball, location: 2F 0-1: Called Strike 0-2: Ball 1-2: Ball 2-2: Foul Ball, location: 2F 2-2: Ball 3-2: Foul Ball, location: 2F 3-2: Fly out, F5 (Popup, 25F, EV 91.9 MPH)
|
|
Batting: RHB Reginald McDougall
|
0-0: Foul Ball, location: 2F 0-1: Ground out 5-3 (Groundball, 56, EV 103.1 MPH)
|
| Top of the 5th over - 0 runs, 0 hits, 0 errors, 0 left on base; Salt Lake 2 - Nashville 2 |
| BOTTOM OF THE 5TH |
|
Nashville Sounds batting - Pitching for Salt Lake Bees : RHP Robbie Delgado
|
|
Batting: RHB Josh Sinden
|
0-0: Ball 1-0: Swinging Strike 1-1: Ground out 6-3 (Groundball, 6, EV 80.0 MPH)
|
|
Batting: RHB Ben Zeiler
|
0-0: Called Strike 0-1: Swinging Strike 0-2: Ball 1-2: Ball 2-2: SINGLE (Groundball, P, EV 87.5 MPH) (infield hit)
|
|
Batting: RHB Jonathan Lugo
|
0-0: Fielders Choice at 2nd, 3-6 (Groundball, 3, EV 88.1 MPH)
|
|
Batting: SHB Brace Harper
|
0-0: Ball Jonathan Lugo steals 2nd base (no throw) 1-0: Ball 2-0: Foul Ball, location: 2F 2-1: Foul Ball, location: 2F 2-2: Ball 3-2: Ground out 3-1 (Groundball, 34, EV 85.0 MPH)
|
| Bottom of the 5th over - 0 runs, 1 hit, 0 errors, 1 left on base; Salt Lake 2 - Nashville 2 |
| TOP OF THE 6TH |
|
Salt Lake Bees batting - Pitching for Nashville Sounds : RHP Chad Pfeiffer
|
|
Batting: LHB Rusty Ney
|
0-0: Ball 1-0: Foul Ball, location: 2F 1-1: Ball 2-1: Foul Ball, location: 2F 2-2: Ball 3-2: Foul Ball, location: 2F 3-2: Ground out U3 (Groundball, 3S, EV 69.4 MPH)
|
|
Batting: LHB Micah Miller
|
0-0: Ball 1-0: SINGLE (Groundball, 4MD, EV 98.8 MPH)
|
|
Batting: SHB Mario Padron
|
0-0: Called Strike 0-1: Ball 1-1: Ball 2-1: Fly out, F6 (Flyball, 6MD, EV 86.2 MPH)
|
|
Batting: LHB Jack Bell
|
0-0: Fielders Choice at 2nd, 6-4 (Groundball, 6, EV 85.6 MPH)
|
| Top of the 6th over - 0 runs, 1 hit, 0 errors, 1 left on base; Salt Lake 2 - Nashville 2 |
| BOTTOM OF THE 6TH |
|
Nashville Sounds batting - Pitching for Salt Lake Bees : RHP Robbie Delgado
|
|
Batting: RHB Robby Godwin
|
0-0: Ball 1-0: Ground out 3-1 (Groundball, 34, EV 98.8 MPH)
|
|
Batting: RHB Jeff Garofalo
|
0-0: Called Strike 0-1: Ball 1-1: Foul Ball, location: 2F 1-2: Ball 2-2: Strikes out swinging
|
|
Batting: RHB Dusty Thompson
|
0-0: Called Strike 0-1: Ground out 6-3 (Groundball, 6MS, EV 82.5 MPH)
|
| Bottom of the 6th over - 0 runs, 0 hits, 0 errors, 0 left on base; Salt Lake 2 - Nashville 2 |
| TOP OF THE 7TH |
|
Salt Lake Bees batting - Pitching for Nashville Sounds : RHP Chad Pfeiffer
|
|
Batting: RHB Justin Lauderdale
|
0-0: Swinging Strike 0-1: Ball 1-1: SINGLE (Groundball, 6MD, EV 99.4 MPH)
|
|
Batting: RHB Jose Pineda
|
0-0: SINGLE (Line Drive, 34D, EV 96.2 MPH) Justin Lauderdale to second Runner from 2nd tries for 3rd, SAFE, throw by RF made to third
|
|
Batting: RHB Oren Jones
|
0-0: Ball 1-0: Ball 2-0: Called Strike 2-1: Called Strike 2-2: Foul Ball, location: 2F 2-2: Strikes out swinging
|
|
Batting: LHB Edgar van der Meeren
|
0-0: Ball 1-0: Ball 2-0: Ball 3-0: Base on Balls Jose Pineda to second
|
|
Batting: RHB Reginald McDougall
|
0-0: Ball 1-0: Fly out, F8 (Flyball, 8RD, EV 103.1 MPH) Runner from 3rd tags up, SCORES, no throw by CF
|
|
Batting: LHB Rusty Ney
|
0-0: Ball 1-0: DOUBLE (Groundball, 5L, EV 101.2 MPH) Jose Pineda scores Edgar van der Meeren to third Runner from 3rd tries for Home, SAFE, throw by LF to trailing runner, SAFE at third!
|
|
Pitching: LHP Jimmy Rush
|
|
|
Batting: LHB Micah Miller
|
0-0: Ball 1-0: Fly out, F9 (Flyball, 9S, EV 83.8 MPH)
|
| Top of the 7th over - 3 runs, 3 hits, 0 errors, 1 left on base; Salt Lake 5 - Nashville 2 |
| BOTTOM OF THE 7TH |
|
Nashville Sounds batting - Pitching for Salt Lake Bees : RHP Robbie Delgado
|
|
Pitching: RHP Bartholomeu Voivodic
|
|
|
Batting: RHB Chris Stillions
|
0-0: Fly out, F6 (Line Drive, 6, EV 68.1 MPH)
|
|
Batting: RHB Antonio Gomez
|
0-0: Ball 1-0: Swinging Strike 1-1: Swinging Strike 1-2: Strikes out swinging
|
|
Batting: RHB Josh Sinden
|
0-0: Ball 1-0: Ground out 5-3 (Groundball, 56, EV 85.6 MPH)
|
| Bottom of the 7th over - 0 runs, 0 hits, 0 errors, 0 left on base; Salt Lake 5 - Nashville 2 |
| TOP OF THE 8TH |
|
Salt Lake Bees batting - Pitching for Nashville Sounds : LHP Jimmy Rush
|
|
Batting: SHB Mario Padron
|
0-0: Foul Ball, location: 2F 0-1: Called Strike 0-2: Strikes out swinging
|
|
Batting: LHB Jack Bell
|
0-0: Foul Ball, location: 2F 0-1: Ball 1-1: Ball 2-1: Hit by Pitch
|
|
Batting: RHB Justin Lauderdale
|
0-0: Foul Ball, location: 2F 0-1: Ground out 6-3 (Groundball, P, EV 83.1 MPH) Jack Bell to second
|
|
Batting: RHB Jose Pineda
|
0-0: Ground out 5-3 (Groundball, 5, EV 86.2 MPH)
|
| Top of the 8th over - 0 runs, 0 hits, 0 errors, 1 left on base; Salt Lake 5 - Nashville 2 |
| BOTTOM OF THE 8TH |
|
Nashville Sounds batting - Pitching for Salt Lake Bees : RHP Bartholomeu Voivodic
|
|
Batting: RHB Ben Zeiler
|
0-0: Ball 1-0: Foul Ball, location: 2F 1-1: Foul Ball, location: 2F 1-2: Ball 2-2: Ball 3-2: Ground out U3 (Groundball, 34S, EV 72.5 MPH)
|
|
Batting: RHB Jonathan Lugo
|
0-0: Foul Ball, location: 2F 0-1: Foul Ball, location: 2F 0-2: Foul Ball, location: 2F 0-2: Ball 1-2: Ball 2-2: Ball 3-2: Foul Ball, location: 2F 3-2: Base on Balls
|
|
Batting: SHB Brace Harper
|
0-0: Ball 1-0: Called Strike 1-1: Swinging Strike 1-2: Foul Ball, location: 2F 1-2: Strikes out looking
|
|
Batting: RHB Robby Godwin
|
0-0: Swinging Strike 0-1: SINGLE (Groundball, 6MD, EV 110.0 MPH) Jonathan Lugo to second Runner from 2nd tries for 3rd, SAFE, throw by CF made to third
|
|
Batting: RHB Jeff Garofalo
|
0-0: Ball 1-0: Swinging Strike 1-1: Fly out, F8 (Flyball, 8LD, EV 96.2 MPH)
|
| Bottom of the 8th over - 0 runs, 1 hit, 0 errors, 2 left on base; Salt Lake 5 - Nashville 2 |
| TOP OF THE 9TH |
|
Salt Lake Bees batting - Pitching for Nashville Sounds : LHP Jimmy Rush
|
|
Pitching: RHP John Owens
|
|
|
Batting: RHB Oren Jones
|
0-0: Called Strike 0-1: Foul Ball, location: 2F 0-2: Strikes out swinging
|
|
Batting: LHB Edgar van der Meeren
|
0-0: Called Strike 0-1: Ground out 4-3 (Groundball, 4MS, EV 87.5 MPH)
|
|
Batting: RHB Reginald McDougall
|
0-0: Called Strike 0-1: Ball 1-1: Swinging Strike 1-2: Strikes out swinging
|
| Top of the 9th over - 0 runs, 0 hits, 0 errors, 0 left on base; Salt Lake 5 - Nashville 2 |
| BOTTOM OF THE 9TH |
|
Nashville Sounds batting - Pitching for Salt Lake Bees : RHP Bartholomeu Voivodic
|
|
Pitching: RHP Austin Maki
|
|
|
Batting: RHB Dusty Thompson
|
0-0: Foul Ball, location: 2F 0-1: Ball 1-1: Ball 2-1: Foul Ball, location: 2F 2-2: Ball 3-2: Fly out, F9 (Flyball, 89M, EV 86.9 MPH)
|
|
Batting: RHB Chris Stillions
|
0-0: Ball 1-0: Called Strike 1-1: Ground out 6-3 (Groundball, 6, EV 84.4 MPH)
|
|
Batting: RHB Antonio Gomez
|
0-0: Ball 1-0: Ball 2-0: Ball 3-0: Base on Balls
|
|
Batting: RHB Josh Sinden
|
0-0: Called Strike 0-1: Foul Ball, location: 2F 0-2: Ball 1-2: Ball 2-2: Ball 3-2: Foul Ball, location: 2F 3-2: Foul Ball, location: 2F 3-2: Foul Ball, location: 2F 3-2: Foul Ball, location: 2F 3-2: Base on Balls Antonio Gomez to second
|
|
Batting: RHB Ben Zeiler
|
0-0: Ball 1-0: SINGLE (Groundball, 56D, EV 103.1 MPH) (infield hit) Antonio Gomez to third Josh Sinden to second
|
|
Batting: RHB Jonathan Lugo
|
0-0: Ball 1-0: Ball 2-0: Foul Ball, location: 2F 2-1: Reached via error on a dropped throw from 3B, E4 (Groundball, 56, EV 102.5 MPH) Antonio Gomez scores Josh Sinden to third Ben Zeiler to second
|
|
Batting: SHB Brace Harper
|
0-0: Called Strike 0-1: Ball 1-1: Ball 2-1: Ground out 4-3 (Groundball, 4S, EV 89.4 MPH)
|
| Bottom of the 9th over - 1 run, 1 hit, 1 error, 3 left on base; Salt Lake 5 - Nashville 3 |
|